[Event "Titled Tuesday Blitz July 25 Early 2023"]
[White "Kiseleva, Arina"]
[Black "Hoffmann, Asa"]
[WhiteFideId "4164989"]
[BlackFideId "2001470"]
[WhiteElo "2209"]
[BlackElo "2407"]
[Result "1-0"]
[Round "5"]
[TimeControl "180+2"]
[Date "2023.07.25"]
[WhiteClock "0:00:04"]
[BlackClock "0:00:00"]
[Board "195"]

1. d4 Nf6 2. Nf3 d6 3. Nbd2 c6 4. e4 Bg4 5. Be2 e6 6. c3 d5 7. e5 Nfd7 8. h3 Bh5 9. Qb3 Qb6 10. O-O Be7 11. Qxb6 axb6 12. a3 b5 13. Nb3 Nb6 14. Ne1 Bg6 15. Bd3 N8d7 16. Bxg6 hxg6 17. Nd3 Nc4 18. f4 b6 19. Rf3 c5 20. g4 Ra4 21. f5 gxf5 22. gxf5 Rh4 23. f6 gxf6 24. exf6 Nxf6 25. dxc5 bxc5 26. Bg5 Ne4 27. Bxh4 Bxh4 28. Nbxc5 Ra7 29. Nxe4 dxe4 30. Rf4 exd3 31. Rxh4 d2 32. Rd4 Rd7 33. Rxd7 Kxd7 34. Rd1 e5 35. b3 Ne3 36. Rxd2+ Ke6 37. h4 Nd5 38. h5 Nf6 39. h6 Kf5 40. a4 bxa4 41. bxa4 e4 42. a5 e3 43. Re2 Ke4 44. a6 Kf3 45. a7 Kxe2 46. a8=Q Kd2 47. Qd8+ Kxc3 48. Qxf6+ Kd3 49. Qxf7 e2 50. Qe6 Kd2 51. h7 e1=R+ 52. Qxe1+ Kxe1 53. h8=Q Ke2 54. Qf6 1-0


[Site "https://www.chess.com"]

[Event "Titled Tuesday Blitz July 25 Early 2023"]
[White "Al Mukhaini, Shima"]
[Black "Francisco_Ferrari"]
[WhiteFideId "22005854"]
[WhiteElo "2406"]
[BlackElo "2184"]
[Result "1-0"]
[Round "5"]
[TimeControl "180+2"]
[Date "2023.07.25"]
[WhiteClock "0:00:11"]
[BlackClock "0:00:09"]
[Board "196"]

1. b3 d5 2. Bb2 e6 3. e3 Nf6 4. f4 Be7 5. Nf3 O-O 6. Bd3 Nbd7 7. O-O c5 8. Ne5 Ne4 9. Rf3 f6 10. Ng4 f5 11. Nh6+ gxh6 12. Bxe4 Bf6 13. Rg3+ Kh8 14. Bxf6+ Qxf6 15. Nc3 fxe4 16. Qh5 Nb6 17. Rf1 Bd7 18. a4 Be8 19. Qg4 Bg6 20. Nb5 Bf5 21. Qh5 Rg8 22. Rxg8+ Rxg8 23. Nxa7 Bg4 24. Qe5 Qxe5 25. fxe5 Be2 26. Rf6 Rg6 27. Rf7 Rg7 28. Rf6 Rg6 29. Rf7 Rg7 30. Rf2 Bd1 31. d3 exd3 32. cxd3 Bxb3 33. a5 Nd7 34. Rb2 c4 35. Nb5 Nxe5 36. dxc4 dxc4 37. Nd4 Nd3 38. Rb1 Ba4 39. Nxe6 c3 40. Nd4 c2 41. Nxc2 Bxc2 42. Rb5 Rc7 43. Rd5 Rc5 44. Rd8+ Kg7 45. Rd7+ Kf6 46. Rxb7 Rxa5 47. Rb6+ Ke5 48. h3 Ra1+ 49. Kh2 Nf2 50. Rxh6 Ne4 51. Rxh7 Nf2 52. Rh5+ Ke4 53. Rc5 Bd3 54. Kg3 Kxe3 55. Re5+ Ne4+ 56. Kh4 Rg1 57. g4 Kf4 58. Re8 Nf2 59. Rf8+ Ke3 60. Kh5 Be4 61. h4 Rxg4 62. Rxf2 Rf4 63. Rxf4 Kxf4 64. Kh6 Kg4 65. h5 Kf5 66. Kg7 Bd5 67. h6 Ke5 68. h7 Be4 69. h8=Q Bd5 70. Qh6 Be6 71. Qf6+ Kd5 72. Kg6 Kd6 73. Kg5 Kd7 74. Kf4 Kd6 75. Qe5+ Kd7 76. Qc5 Kd8 77. Ke5 Ke8 78. Kxe6 Kd8 79. Qe7+ Kc8 80. Kd6 Kb8 81. Kc6 Ka8 82. Qb7# 1-0


[Site "https://www.chess.com"]

[Event "Titled Tuesday Blitz July 25 Early 2023"]
[White "Tqebuchava, Zurab"]
[Black "Nunez V, Gustavo Eduardo"]
[WhiteFideId "13601113"]
[BlackFideId "4403690"]
[WhiteElo "2208"]
[BlackElo "2406"]
[Result "0-1"]
[Round "5"]
[TimeControl "180+2"]
[Date "2023.07.25"]
[WhiteClock "0:00:00"]
[BlackClock "0:00:47"]
[Board "197"]

1. e4 c5 2. Nf3 Nc6 3. Bb5 g6 4. O-O Bg7 5. Bxc6 dxc6 6. h3 e5 7. Nc3 Qc7 8. d3 Nf6 9. Nh2 Nh5 10. Ne2 O-O 11. Be3 b6 12. f4 exf4 13. Nxf4 Nxf4 14. Bxf4 Qe7 15. c3 Ba6 16. Qf3 Rad8 17. Rad1 Qe6 18. Bg5 f6 19. Bc1 Rfe8 20. Ng4 c4 21. d4 Qxe4 22. Nxf6+ Bxf6 23. Qxf6 Rf8 24. Qg5 Bb7 25. Rde1 Rxf1+ 26. Rxf1 Re8 27. Bf4 c5 28. Be5 cxd4 29. cxd4 h6 30. Qg4 Qxg4 31. hxg4 Rf8 32. Rxf8+ Kxf8 33. Kf2 Kf7 34. g3 g5 35. Ke3 Bd5 36. Bb8 a6 37. a3 b5 38. Bc7 Be6 39. Kf3 Kg6 40. Be5 Bd5+ 41. Ke3 h5 42. gxh5+ Kxh5 43. Bd6 Kg4 44. Be5 Kh3 45. Bd6 Kg2 46. Be5 a5 47. Bc7 g4 48. Bd6 b4 49. axb4 axb4 50. Be5 Kf1 51. Kd2 Kf2 52. Bf4 Kf3 53. Be5 Be4 54. Bf4 Bf5 55. Be5 Ke4 56. Bf6 Bd7 57. Be5 Ba4 0-1


[Site "https://www.chess.com"]

[Event "Titled Tuesday Blitz July 25 Early 2023"]
[White "coquitovich"]
[Black "Marn, Jan"]
[BlackFideId "14619245"]
[WhiteElo "2175"]
[BlackElo "2395"]
[Result "0-1"]
[Round "5"]
[TimeControl "180+2"]
[Date "2023.07.25"]
[WhiteClock "0:00:00"]
[BlackClock "0:01:21"]
[Board "198"]

1. Nf3 e6 2. g3 f5 3. Bg2 Nf6 4. O-O Be7 5. d3 O-O 6. b3 c5 7. Bb2 Nc6 8. Nbd2 b6 9. e4 fxe4 10. Nxe4 Bb7 11. Neg5 h6 12. Nh3 Nd5 13. c4 Nc7 14. d4 Bf6 15. Nf4 Nxd4 16. Nxd4 Bxg2 17. Kxg2 cxd4 18. Bxd4 e5 19. Ng6 exd4 20. Nxf8 Qxf8 21. Qf3 Ne6 22. Rad1 Re8 23. Qd5 Qf7 24. f4 Nc5 25. Qf3 Re3 26. Qa8+ Qe8 27. Qd5+ Kh8 28. Rf2 Qe4+ 29. Qxe4 Nxe4 30. Rff1 Re2+ 31. Kf3 Re3+ 32. Kg2 Nc3 33. Rde1 Rxe1 34. Rxe1 d3 0-1


[Site "https://www.chess.com"]

[Event "Titled Tuesday Blitz July 25 Early 2023"]
[White "Cardenas Carbajal, Nilson"]
[Black "Ramirez Vido, Robert Yorisan"]
[WhiteFideId "8401128"]
[BlackFideId "3513823"]
[WhiteElo "2161"]
[BlackElo "2394"]
[Result "0-1"]
[Round "5"]
[TimeControl "180+2"]
[Date "2023.07.25"]
[WhiteClock "0:01:05"]
[BlackClock "0:01:18"]
[Board "199"]

1. e4 d6 2. d4 Nf6 3. Nc3 g6 4. Be3 c6 5. f3 b5 6. Qd2 Nbd7 7. g4 Nb6 8. h4 h5 9. g5 Nfd7 10. Nh3 Bg7 11. Nf4 Qc7 12. d5 Ne5 13. Be2 Nbc4 14. Bxc4 Nxf3+ 15. Ke2 Nxd2 16. Bxd2 bxc4 17. dxc6 Qxc6 18. Nfd5 Be6 19. Rhf1 Rb8 20. Rab1 Bxd5 21. exd5 Qd7 22. b3 cxb3 23. axb3 Qg4+ 24. Ke1 Qxh4+ 25. Kd1 Qh3 26. Rf6 exf6 27. gxf6 Qf1+ 28. Be1 Bxf6 0-1


[Site "https://www.chess.com"]

[Event "Titled Tuesday Blitz July 25 Early 2023"]
[White "Astafurov, Arseniy"]
[Black "Sanudula, K M Dahamdi"]
[WhiteFideId "24175218"]
[BlackFideId "9932470"]
[WhiteElo "2384"]
[BlackElo "2174"]
[Result "1-0"]
[Round "5"]
[TimeControl "180+2"]
[Date "2023.07.25"]
[WhiteClock "0:00:05"]
[BlackClock "0:01:16"]
[Board "200"]

1. c4 Nf6 2. Nc3 e6 3. e4 b6 4. e5 Ng8 5. Qf3 Nc6 6. Qg3 Nge7 7. Bd3 Bb7 8. Nf3 Nb4 9. Bb1 g6 10. a3 Nbc6 11. d4 Bg7 12. h4 d5 13. h5 dxc4 14. h6 Bf8 15. O-O Nf5 16. Bxf5 exf5 17. d5 Ne7 18. Bg5 Qd7 19. Rad1 O-O-O 20. Bf6 Rg8 21. d6 cxd6 22. exd6 Nc6 23. Bxd8 Qxd8 24. Ng5 Qd7 25. Nxh7 Bxh6 26. Nf6 f4 27. Qf3 Qd8 28. d7+ Kb8 29. Nxg8 Qxg8 30. d8=Q+ Nxd8 31. Qh3 Bg7 32. Qd7 Nc6 33. Rfe1 Be5 34. Rxe5 Nxe5 35. Qd6+ Ka8 36. Qxe5 a6 37. Qd6 Qg7 38. Qxb6 Qf6 39. Rd8+ Qxd8 40. Qxd8+ Ka7 41. Qd4+ 1-0


[Site "https://www.chess.com"]

[Event "Titled Tuesday Blitz July 25 Early 2023"]
[White "Wisniowski, Natalie"]
[Black "Tarasova, Viktoriya"]
[WhiteFideId "30929261"]
[BlackFideId "4175840"]
[WhiteElo "2139"]
[BlackElo "2383"]
[Result "0-1"]
[Round "5"]
[TimeControl "180+2"]
[Date "2023.07.25"]
[WhiteClock "0:00:07"]
[BlackClock "0:00:11"]
[Board "201"]

1. e4 e5 2. Nf3 Nc6 3. d4 exd4 4. Bc4 Bc5 5. Ng5 Nh6 6. Nxf7 Nxf7 7. Bxf7+ Kxf7 8. Qh5+ g6 9. Qxc5 d6 10. Qc4+ Be6 11. Qe2 Kg7 12. O-O Qd7 13. Bg5 h6 14. Bf4 Rae8 15. Nd2 Rhf8 16. Bg3 d5 17. exd5 Bxd5 18. Qb5 Rb8 19. Rfe1 a6 20. Qa4 Rbe8 21. Nb3 Rxe1+ 22. Rxe1 Re8 23. Rxe8 Qxe8 24. h3 Qe4 25. f3 Qxc2 26. Kh2 d3 27. Qf4 Bxb3 28. axb3 Ne7 29. Qxc7 Qxc7 30. Bxc7 d2 31. Be5+ Kf7 32. Bc3 d1=Q 33. Kg3 Qxb3 34. Kh2 Qc4 35. Kg3 b5 36. Kh2 b4 37. Be1 h5 38. Bg3 a5 39. Bf2 a4 40. Bg3 a3 41. bxa3 bxa3 42. Bd6 a2 43. Bg3 a1=Q 44. Bf2 Qb2 45. Bg3 Qcc2 46. Kh1 Qxg2# 0-1


[Site "https://www.chess.com"]

[Event "Titled Tuesday Blitz July 25 Early 2023"]
[White "djjohnnywoo"]
[Black "Qiao, Cindy"]
[BlackFideId "2620243"]
[WhiteElo "2139"]
[BlackElo "2377"]
[Result "0-1"]
[Round "5"]
[TimeControl "180+2"]
[Date "2023.07.25"]
[WhiteClock "0:00:00"]
[BlackClock "0:00:16"]
[Board "202"]

1. g3 d5 2. Bg2 Nf6 3. d3 e6 4. c3 Be7 5. Nd2 c5 6. e4 Nc6 7. Qe2 O-O 8. e5 Nd7 9. Ngf3 b6 10. d4 a5 11. a4 Ba6 12. Qe3 cxd4 13. Nxd4 Ncxe5 14. Nb5 Bc5 15. Qe2 Rc8 16. Nb3 Nc4 17. N3d4 Re8 18. O-O Qf6 19. h4 h6 20. b3 Nd6 21. Qh5 Nxb5 22. axb5 Bb7 23. Be3 Bxd4 24. cxd4 Rc3 25. Rac1 Rec8 26. Rxc3 Rxc3 27. Re1 Qd8 28. Qg4 Nf6 29. Qf3 Qc8 30. Bh3 Rxb3 31. Qe2 Rc3 32. Qd2 Rc2 33. Qd3 Ne4 34. Bg2 Rc3 35. Qb1 Nf6 36. Bd2 Rc4 37. Rc1 Rxc1+ 38. Bxc1 Qc4 39. Be3 Bc8 40. Bf3 Bd7 41. g4 Bxb5 42. g5 hxg5 43. hxg5 Ne8 44. g6 Nd6 45. Kg2 Nf5 46. gxf7+ Kxf7 47. Bg5 Qxd4 48. Qh1 Ke8 49. Qh8+ Kd7 50. Qb8 Nh4+ 51. Bxh4 Qxh4 52. Qb7+ Ke8 53. Qxb6 Bd7 54. Qb8+ Kf7 55. Qe5 Qf6 56. Qd6 Qe7 57. Qe5 Qb4 58. Bh5+ Kg8 59. Qg5 Qf8 60. Qg6 a4 61. Bg4 Be8 62. Bxe6+ Bf7 63. Bxf7+ Qxf7 64. Qc6 d4 65. Qxa4 Qd5+ 0-1


[Site "https://www.chess.com"]

[Event "Titled Tuesday Blitz July 25 Early 2023"]
[White "Hrescak, Ivana"]
[Black "Melikhov, Evgeny V."]
[WhiteFideId "14613441"]
[BlackFideId "4122046"]
[WhiteElo "2138"]
[BlackElo "2376"]
[Result "0-1"]
[Round "5"]
[TimeControl "180+2"]
[Date "2023.07.25"]
[WhiteClock "0:00:00"]
[BlackClock "0:01:02"]
[Board "203"]

1. e4 c5 2. Nf3 d6 3. Bb5+ Nd7 4. d4 cxd4 5. Nxd4 a6 6. Bd3 e5 7. Nf3 h6 8. O-O Ngf6 9. Re1 Be7 10. Nc3 O-O 11. Nh4 Nc5 12. Qf3 Nxd3 13. Qxd3 Be6 14. Nf5 Bxf5 15. exf5 Rc8 16. f4 Qb6+ 17. Qe3 Qxe3+ 18. Bxe3 Rfe8 19. Rad1 Ng4 20. Bb6 exf4 21. Nd5 Bh4 22. Rxe8+ Rxe8 23. Nxf4 Re1+ 24. Rxe1 Bxe1 25. Bc7 Bf2+ 26. Kf1 Bd4 27. c3 Be5 28. Nd3 Ne3+ 29. Kf2 Nxf5 30. Nxe5 dxe5 31. Bxe5 f6 32. Bc7 Kf7 33. Kf3 Ke6 34. Ke4 Ne7 35. Bf4 g5 36. Be3 Nc6 37. Bd4 f5+ 38. Kd3 f4 39. Bg7 h5 40. h3 Kf5 41. a4 a5 42. Bf8 g4 43. hxg4+ Kxg4 44. b4 f3 45. gxf3+ Kxf3 46. bxa5 h4 0-1


[Site "https://www.chess.com"]

[Event "Titled Tuesday Blitz July 25 Early 2023"]
[White "Lisjak, Zlatko"]
[Black "Topalov, Aleksandar"]
[WhiteFideId "14502186"]
[BlackFideId "925659"]
[WhiteElo "2136"]
[BlackElo "2374"]
[Result "0-1"]
[Round "5"]
[TimeControl "180+2"]
[Date "2023.07.25"]
[WhiteClock "0:00:00"]
[BlackClock "0:01:02"]
[Board "204"]

1. e4 e6 2. d4 d5 3. e5 Ne7 4. Nf3 Qd7 5. Bd3 b6 6. O-O Ba6 7. Re1 Bxd3 8. Qxd3 Nf5 9. a4 c5 10. a5 c4 11. Qe2 b5 12. c3 Nc6 13. a6 Be7 14. Na3 b4 15. Nc2 O-O 16. Kh1 bxc3 17. bxc3 Rab8 18. g4 Nh6 19. Ne3 Rb3 20. g5 Nf5 21. Nxf5 exf5 22. Bd2 Nd8 23. h4 Ne6 24. h5 g6 25. Kg2 Rb2 26. Qd1 Rfb8 27. Rh1 Qd8 28. hxg6 fxg6 29. Bc1 R2b3 30. Qd2 f4 31. Qc2 Bxg5 32. Kf1 Be7 0-1


[Site "https://www.chess.com"]

[Event "Titled Tuesday Blitz July 25 Early 2023"]
[White "Fajdetic, Hrvoje"]
[Black "Phillips, Rene"]
[WhiteFideId "14501945"]
[BlackFideId "2056275"]
[WhiteElo "2356"]
[BlackElo "2134"]
[Result "1-0"]
[Round "5"]
[TimeControl "180+2"]
[Date "2023.07.25"]
[WhiteClock "0:00:14"]
[BlackClock "0:00:22"]
[Board "205"]

1. f4 Nc6 2. Nf3 d5 3. e3 f6 4. b3 Bg4 5. Bb2 Nh6 6. Bb5 Qd7 7. O-O a6 8. Bxc6 Qxc6 9. d3 Nf5 10. Qd2 e6 11. Nc3 Bxf3 12. Rxf3 d4 13. exd4 Nxd4 14. Rf2 Nf5 15. Ne4 O-O-O 16. a3 h5 17. b4 h4 18. Qc3 Nd4 19. a4 h3 20. g3 Be7 21. b5 axb5 22. axb5 Qxc3 23. Bxc3 Nxb5 24. Bb2 Kb8 25. c4 Nd4 26. Bc3 f5 27. Nd2 Bc5 28. Kf1 Nc6 29. Re2 Bd4 30. Bxd4 Nxd4 31. Re5 Rd6 32. Rea5 Ra6 33. Rxa6 bxa6 34. Rxa6 Kb7 35. Ra3 Kc6 36. Kf2 Rb8 37. Ra2 Rb4 38. Nf3 Nb3 39. Rb2 Rb7 40. Ke3 Nc5 41. Rxb7 Nxb7 42. Ng5 g6 43. Nxh3 Nc5 44. Ng5 Kd6 45. h3 Nb3 46. g4 c5 47. Nf3 Kc6 48. Ne5+ Kd6 49. Nxg6 Nd4 50. g5 Nc2+ 51. Kd2 Nd4 52. h4 Nf3+ 53. Ke3 Nd4 54. h5 Nc2+ 55. Kd2 Nd4 56. h6 Nf3+ 57. Ke3 Nd4 58. h7 Nc2+ 59. Kd2 Nd4 60. h8=Q Nb3+ 61. Kc3 Nd4 62. Qe5+ Kc6 63. Qxd4 cxd4+ 64. Kxd4 Kd6 65. c5+ Kc6 66. Ke5 Kb5 67. Kxe6 Kxc5 68. Kxf5 Kd4 69. Kf6 Kxd3 70. Ne5+ Ke3 71. g6 Kxf4 72. g7 Ke3 73. g8=Q Kd4 74. Qe6 Kc5 75. Nf7 1-0


[Site "https://www.chess.com"]

[Event "Titled Tuesday Blitz July 25 Early 2023"]
[White "Johnson, Ben"]
[Black "Vifleemskaia, Svetlana"]
[WhiteFideId "2010917"]
[BlackFideId "4129490"]
[WhiteElo "2124"]
[BlackElo "2351"]
[Result "1-0"]
[Round "5"]
[TimeControl "180+2"]
[Date "2023.07.25"]
[WhiteClock "0:00:13"]
[BlackClock "0:00:01"]
[Board "206"]

1. Nf3 Nf6 2. c4 c5 3. Nc3 d5 4. cxd5 Nxd5 5. g3 Nc6 6. Bg2 e5 7. Nxd5 Qxd5 8. O-O Be7 9. d3 O-O 10. Bd2 Qd8 11. Rc1 Be6 12. a3 Rc8 13. Bc3 f6 14. Nd2 Qd7 15. Re1 b6 16. Nc4 Nd4 17. e3 Nc6 18. Qe2 Rfd8 19. Red1 Bg4 20. Bf3 Bf5 21. e4 Be6 22. Ne3 Nd4 23. Bxd4 cxd4 24. Nd5 Bf8 25. Qd2 Bd6 26. Rxc8 Rxc8 27. Rc1 Kf7 28. h4 g6 29. h5 g5 30. Kg2 g4 31. Bd1 Bf8 32. Rc2 Rxc2 33. Qxc2 Bxd5 34. exd5 Qxd5+ 35. Kh2 Qd7 36. Qd2 f5 37. Qg5 Bg7 38. Bb3+ Kf8 39. h6 Bxh6 40. Qxh6+ Ke8 41. Qh5+ Kd8 42. Qh6 Kc7 43. Qf8 e4 44. dxe4 fxe4 45. Qf4+ Kc8 46. Qxe4 d3 47. Bd1 d2 48. Bxg4 d1=Q 49. Qe8+ Kc7 50. Qxd7+ Qxd7 51. Bxd7 Kxd7 52. f4 Ke6 53. g4 Kd5 54. Kg3 Ke4 55. b4 b5 56. f5 Ke5 57. Kf3 h6 58. Ke3 Kd5 59. Kf4 a6 60. g5 hxg5+ 61. Kxg5 Kc4 62. Kg6 Kb3 63. f6 Kxa3 64. f7 Kxb4 65. f8=Q+ Ka4 66. Qa8 a5 67. Qa6 b4 68. Qb6 b3 69. Kf5 Ka3 70. Qxa5+ Kb2 71. Ke4 Kc2 72. Qc5+ Kd2 73. Qd4+ Kc2 74. Qc4+ Kb2 75. Kd3 Ka1 76. Qc3+ Ka2 77. Kd2 b2 78. Qa5+ Kb1 79. Kc3 Kc1 80. Qg5+ Kb1 81. Kb3 Ka1 82. Qa5+ Kb1 83. Qd2 Ka1 84. Qxb2# 1-0


[Site "https://www.chess.com"]

[Event "Titled Tuesday Blitz July 25 Early 2023"]
[White "Rodriguez Santiago, Jaime"]
[Black "Larina, Maria"]
[WhiteFideId "3100898"]
[BlackFideId "24113182"]
[WhiteElo "2342"]
[BlackElo "2114"]
[Result "1-0"]
[Round "5"]
[TimeControl "180+2"]
[Date "2023.07.25"]
[WhiteClock "0:00:38"]
[BlackClock "0:00:00"]
[Board "207"]

1. c4 f5 2. d4 Nf6 3. g3 g6 4. Bg2 Bg7 5. Nf3 d6 6. O-O O-O 7. e3 Nc6 8. Nc3 e6 9. b3 Ne4 10. Bb2 Qe8 11. Nxe4 fxe4 12. Nd2 d5 13. f3 exf3 14. Nxf3 Bh6 15. Qe2 Ne7 16. g4 c6 17. Ne5 Bg7 18. e4 Bxe5 19. dxe5 dxc4 20. Qxc4 Bd7 21. Rxf8+ Qxf8 22. Rf1 Qg7 23. Rf6 Rf8 24. g5 h6 25. h4 h5 26. Bh3 Kh7 27. Bxe6 Bxe6 28. Qxe6 Ng8 29. Rxf8 Qxf8 30. Qd7+ Qg7 31. e6 Qxd7 32. exd7 1-0


[Site "https://www.chess.com"]

[Event "Titled Tuesday Blitz July 25 Early 2023"]
[White "Semenova, Alina"]
[Black "Sriniaiyer, Sudarshan"]
[WhiteFideId "24113875"]
[BlackFideId "30937213"]
[WhiteElo "2088"]
[BlackElo "2342"]
[Result "0-1"]
[Round "5"]
[TimeControl "180+2"]
[Date "2023.07.25"]
[WhiteClock "0:00:49"]
[BlackClock "0:01:14"]
[Board "208"]

1. e4 c5 2. Nf3 d6 3. d4 cxd4 4. Nxd4 Nf6 5. Nc3 Nc6 6. Be2 g6 7. Be3 Bg7 8. O-O O-O 9. Nb3 a6 10. a4 Be6 11. f3 d5 12. exd5 Nxd5 13. Nxd5 Bxd5 14. c3 Be6 15. Nc5 Bc8 16. a5 Qc7 17. Qa4 Nxa5 18. Qxa5 b6 19. Qb4 bxc5 20. Bxc5 Rb8 21. Qa3 Re8 22. Rfe1 Be5 23. h3 Rxb2 24. Qxb2 Qxc5+ 25. Kh1 Qxc3 26. Qxc3 Bxc3 27. Bxa6 Bxa6 0-1


[Site "https://www.chess.com"]

[Event "Titled Tuesday Blitz July 25 Early 2023"]
[White "Ncatt"]
[Black "Goughfather"]
[WhiteElo "2338"]
[BlackElo "2054"]
[Result "1-0"]
[Round "5"]
[TimeControl "180+2"]
[Date "2023.07.25"]
[WhiteClock "0:02:13"]
[BlackClock "0:00:00"]
[Board "209"]

1. e4 c6 2. d4 d5 3. Nc3 dxe4 4. Nxe4 Nf6 5. Nxf6+ exf6 6. c3 Bd6 7. Bd3 O-O 8. Qc2 h5 9. Ne2 Re8 10. O-O Nd7 11. Bd2 Nf8 12. Rae1 Qc7 13. h3 Be6 14. f4 h4 15. f5 Bd7 16. Qd1 c5 17. d5 c4 18. Bc2 Qc5+ 19. Nd4 Qxd5 20. Qg4 Bg3 21. Be4 Qd6 22. Re2 Nh7 23. Qh5 1-0


[Site "https://www.chess.com"]

[Event "Titled Tuesday Blitz July 25 Early 2023"]
[White "Makhmudov, Shukhrat"]
[Black "Saim, Mohamed Ilias"]
[WhiteFideId "14200775"]
[BlackFideId "7900465"]
[WhiteElo "2336"]
[BlackElo "1926"]
[Result "1-0"]
[Round "5"]
[TimeControl "180+2"]
[Date "2023.07.25"]
[WhiteClock "0:00:11"]
[BlackClock "0:00:06"]
[Board "210"]

1. e4 c6 2. Nc3 d5 3. exd5 cxd5 4. d4 Nc6 5. Bf4 Nf6 6. Nb5 e5 7. dxe5 a6 8. exf6 axb5 9. fxg7 Bxg7 10. c3 b4 11. cxb4 Bxb2 12. Qe2+ Qe7 13. Qxe7+ Kxe7 14. Rb1 Rxa2 15. Nf3 Nxb4 16. Be5 Bxe5 17. Nxe5 Nc2+ 18. Kd1 Nd4 19. Nd3 Rg8 20. h3 Ra7 21. Nf4 Bf5 22. Bd3 Be6 23. Re1 Kd6 24. Bxh7 Rg7 25. Bd3 Kd7 26. g3 Kd6 27. Rb4 Nf3 28. Ke2 Ne5 29. Reb1 Ra2+ 30. Kf1 Nxd3 31. Nxd3 Bc8 32. Nc5 Ra7 33. Nxb7+ Bxb7 34. Rxb7 Ra2 35. R1b6+ Ke5 36. Rb2 Rh7 37. Rxa2 Rxh3 38. Re2+ Kd4 39. Kg2 Kd3 40. Kxh3 Kxe2 41. Rxf7 d4 42. Rd7 d3 43. f4 d2 44. Rxd2+ Kxd2 45. f5 Ke3 46. f6 1-0


[Site "https://www.chess.com"]

[Event "Titled Tuesday Blitz July 25 Early 2023"]
[White "Lopez Del Alamo, Antonio"]
[Black "Zepeda Berlanga, Jan Enrique"]
[WhiteFideId "2227339"]
[BlackFideId "5132355"]
[WhiteElo "2335"]
[BlackElo "1855"]
[Result "1-0"]
[Round "5"]
[TimeControl "180+2"]
[Date "2023.07.25"]
[WhiteClock "0:00:21"]
[BlackClock "0:00:06"]
[Board "211"]

1. e4 c5 2. Nf3 d6 3. d4 cxd4 4. Nxd4 Nf6 5. Nc3 Nc6 6. Bg5 e5 7. Nf3 Be7 8. Bc4 O-O 9. O-O Bg4 10. h3 Bh5 11. Bxf6 Bxf6 12. Nd5 Nd4 13. Be2 Rc8 14. c3 Nxe2+ 15. Qxe2 Bg6 16. Rfd1 Be7 17. Nd2 f5 18. exf5 Bxf5 19. Ne4 Rc6 20. f3 Be6 21. Qb5 Qd7 22. a4 Kh8 23. a5 a6 24. Qd3 h6 25. b4 Rfc8 26. Rab1 Bf8 27. b5 axb5 28. Qxb5 Bxd5 29. Rxd5 R6c7 30. Qxd7 Rxd7 31. Rbd1 Rc6 32. c4 Be7 33. c5 Bh4 34. cxd6 Rc2 35. Nc5 Rd8 36. d7 Rxc5 37. Rxc5 Be7 38. Rc8 Kg8 39. Rxd8+ Kf7 40. Re8 Bd8 41. Rxd8 1-0


[Site "https://www.chess.com"]

[Event "Titled Tuesday Blitz July 25 Early 2023"]
[White "Navyblue1"]
[Black "Altman, Joshua"]
[BlackFideId "426210"]
[WhiteElo "1919"]
[BlackElo "2528"]
[Result "0-1"]
[Round "5"]
[TimeControl "180+2"]
[Date "2023.07.25"]
[WhiteClock "0:00:08"]
[BlackClock "0:01:15"]
[Board "212"]

1. d4 c5 2. d5 Nf6 3. c4 e6 4. Nc3 exd5 5. cxd5 d6 6. e4 g6 7. f4 Bg7 8. Nf3 O-O 9. Be2 Re8 10. e5 dxe5 11. fxe5 Ng4 12. O-O Nxe5 13. Nxe5 Bxe5 14. Bb5 Bd7 15. Qf3 Rf8 16. Bh6 Qh4 17. Bf4 Bxf4 18. Qxf4 Qxf4 19. Rxf4 a6 20. Bxd7 Nxd7 21. Ne4 Kg7 22. Rc1 b6 23. Nd6 Ne5 24. Re4 f6 25. Rd1 Rad8 26. Nc4 Nxc4 27. Rxc4 Rd6 28. b4 Rc8 29. bxc5 Rxc5 30. Rxc5 bxc5 31. Kf2 f5 32. Kf3 Kf6 33. Kf4 g5+ 34. Ke3 Ke5 35. g3 Rxd5 36. Rf1 c4 37. Rc1 Rc5 38. Rc3 f4+ 39. gxf4+ gxf4+ 40. Kf3 Kd4 41. Rc1 c3 42. Kxf4 c2 43. Kf3 Kd3 44. Kf2 Kd2 0-1


[Site "https://www.chess.com"]

[Event "Titled Tuesday Blitz July 25 Early 2023"]
[White "Ardila, Oscar Humberto"]
[Black "Spaqi, Wilson"]
[WhiteFideId "4404742"]
[BlackFideId "2053888"]
[WhiteElo "2242"]
[BlackElo "2413"]
[Result "0-1"]
[Round "5"]
[TimeControl "180+2"]
[Date "2023.07.25"]
[WhiteClock "0:01:26"]
[BlackClock "0:00:47"]
[Board "213"]

1. d4 d5 2. c4 e6 3. Nc3 Nf6 4. Bg5 Be7 5. Nf3 O-O 6. e3 c6 7. Bd3 dxc4 8. Bxc4 Nd5 9. Bxe7 Qxe7 10. O-O Nd7 11. e4 Nxc3 12. bxc3 e5 13. d5 cxd5 14. Bxd5 h6 15. Qb3 Nf6 16. c4 Rb8 17. Qc3 Re8 18. h3 Nh5 19. Rac1 Nf4 20. Rfd1 Ne2+ 21. Kh2 Nxc3 22. Rxc3 b6 23. a4 Bb7 24. Rdc1 Rbc8 25. g3 Bxd5 26. exd5 Rc5 27. Nd2 f5 28. Nb3 Rcc8 29. a5 f4 30. Nd2 e4 31. Nb3 e3 32. fxe3 fxg3+ 33. Kg2 Qe4+ 34. Kxg3 Rf8 35. Nd2 Qg6+ 36. Kh2 Rf2+ 0-1


[Site "https://www.chess.com"]

[Event "Titled Tuesday Blitz July 25 Early 2023"]
[White "FREDERICKtheMATE"]
[Black "Khouri, Ahmed Abbas"]
[BlackFideId "9301518"]
[WhiteElo "2390"]
[BlackElo "2233"]
[Result "1-0"]
[Round "5"]
[TimeControl "180+2"]
[Date "2023.07.25"]
[WhiteClock "0:00:44"]
[BlackClock "0:00:00"]
[Board "214"]

1. Nf3 c5 2. g3 Nc6 3. Bg2 g6 4. O-O Bg7 5. c3 e5 6. d4 cxd4 7. cxd4 e4 8. Ne5 d5 9. Nc3 Nge7 10. Nxc6 Nxc6 11. e3 O-O 12. Qb3 Be6 13. Qxb7 Na5 14. Qa6 Nc4 15. b3 Nb6 16. Ba3 Re8 17. Rac1 h5 18. h4 g5 19. hxg5 Qxg5 20. Ne2 h4 21. Bd6 h3 22. Bh1 Nd7 23. Nf4 Nf6 24. Qe2 Bg4 25. Qd2 Nh5 26. Kh2 Nf6 27. Be5 Bf3 28. Bxf6 Bxf6 29. Bxf3 exf3 30. Rc5 Rad8 31. Qd1 Qg4 32. Rxd5 Bg5 33. Rxd8 Rxd8 34. Nxh3 Qh5 35. g4 Qh4 36. Qxf3 Rd6 37. Qg3 Qh6 38. Kg2 Bh4 39. Qe5 Rf6 40. Rc1 Qg6 41. Rc8+ Kh7 42. Qh5+ 1-0


[Site "https://www.chess.com"]

[Event "Titled Tuesday Blitz July 25 Early 2023"]
[White "Iljin, Timofey"]
[Black "Sariego Figueredo, Wilfredo"]
[WhiteFideId "14110180"]
[BlackFideId "3500080"]
[WhiteElo "2373"]
[BlackElo "2206"]
[Result "1-0"]
[Round "5"]
[TimeControl "180+2"]
[Date "2023.07.25"]
[WhiteClock "0:00:47"]
[BlackClock "0:01:07"]
[Board "215"]

1. e4 c5 2. c3 e6 3. d4 d5 4. Nd2 Nc6 5. Ngf3 cxd4 6. cxd4 Nf6 7. Bd3 dxe4 8. Nxe4 Nxe4 9. Bxe4 Bb4+ 10. Bd2 Bxd2+ 11. Qxd2 O-O 12. O-O Bd7 13. Rfd1 Qb6 14. a3 Ne7 15. Qg5 Ng6 16. h4 Bc6 17. Bxc6 Qxc6 18. h5 h6 19. Qg3 Ne7 20. Ne5 Qb5 21. Ng4 Qg5 22. f4 Nf5 23. fxg5 Nxg3 24. gxh6 Nxh5 25. hxg7 Kxg7 26. d5 Nf4 27. d6 Rfd8 28. Ne3 Rac8 29. g3 Nh5 30. Kg2 Nf6 31. Rd4 Rc6 32. Rad1 Rb6 33. b4 e5 34. Nf5+ Kg6 35. Ne7+ Kg7 36. Rc4 Kf8 37. Nf5 Ng4 38. Rxg4 1-0


[Site "https://www.chess.com"]

[Event "Titled Tuesday Blitz July 25 Early 2023"]
[White "Alahakoon, Isuru"]
[Black "Novikova, Margarita"]
[WhiteFideId "9900993"]
[BlackFideId "14109689"]
[WhiteElo "2341"]
[BlackElo "2174"]
[Result "1-0"]
[Round "5"]
[TimeControl "180+2"]
[Date "2023.07.25"]
[WhiteClock "0:02:20"]
[BlackClock "0:00:31"]
[Board "216"]

1. Nf3 Nf6 2. d4 e6 3. Nc3 d5 4. Bg5 Be7 5. Bxf6 Bxf6 6. e4 dxe4 7. Nxe4 Nc6 8. c3 e5 9. d5 Ne7 10. d6 Ng6 11. dxc7 Qxc7 12. Nd6+ Kf8 13. Nb5 Qd8 14. Qxd8+ Bxd8 15. O-O-O Bg4 16. Nd6 b6 17. Bc4 Bxf3 18. gxf3 Bg5+ 19. Kb1 h5 20. Nxf7 1-0


[Site "https://www.chess.com"]